 Dungeon Crawl Stone Soup version 0.29.1-1-gd02db6906a (webtiles) character file.

Game seed: 16627144237137808909

6 zeram the Caller (level 1, 0/9 HPs)
             Began as a Spriggan Summoner on Oct 10, 2022.
             Killed from afar by a dart slug (3 damage)
             ... with a slug dart
             ... on level 1 of the Dungeon.
             The game lasted 00:00:52 (326 turns).

zeram the Caller (Spriggan Summoner)                 Turns: 326, Time: 00:00:53

Health: 0/9        AC:  2    Str:  4    XL:     1   Next: 75%
Magic:  1/5        EV: 17    Int: 16    God:
Gold:   44         SH:  0    Dex: 15    Spells: 4/5 levels left

rFire   . . .      SeeInvis +   g - +0 dagger
rCold   . . .      Faith    .   (no shield)
rNeg    . . .      Spirit   .   a - +0 robe
rPois   .          Reflect  .   (helmet restricted)
rElec   .          Harm     .   (no cloak)
rCorr   .          Rampage  .   (gloves unavailable)
Will    .....                   (boots unavailable)
Stlth   ++........              (no amulet)
HPRegen 0.03/turn               (no ring)
MPRegen 0.09/turn               (no ring)

@: very quick
A: very small, no large weapons, unfitting armour, see invisible, speed 3
a: no special abilities


You were on level 1 of the Dungeon.
You visited 1 branch of the dungeon, and saw 1 of its levels.

You collected 44 gold pieces.

Inventory:

Hand Weapons
 g - a +0 dagger (weapon)
Armour
 a - a +0 robe (worn)
Scrolls
 d - a scroll of enchant armour {unknown}
 f - a scroll of teleportation {unknown}
 h - a scroll of acquirement {unknown}
 i - a scroll of noise {unknown}
Potions
 b - a potion of magic
 c - a potion of degeneration {unknown}
 e - a potion of lignification {unknown}


   Skills:
 - Level 2.6 Dodging
 + Level 3.1 Stealth
 + Level 2.8 Spellcasting
 + Level 3.5 Summonings


You had 4 spell levels left.
You knew the following spells:

 Your Spells              Type           Power      Damage    Failure   Level
a - Summon Small Mammal   Summ           52%        N/A       4%          1

Your spell library contained the following spells:

 Spells                   Type           Power      Damage    Failure   Level
 Call Imp                 Summ           13%        N/A       7%          2
 Call Canine Familiar     Summ           13%        N/A       14%         3
 Summon Guardian Golem    Hex/Summ       7%         N/A       28%         3
 Summon Lightning Spire   Summ/Air       7%         N/A       67%         4


Dungeon Overview and Level Annotations

Branches:
Dungeon (1/15)

Altars:


Innate Abilities, Weirdness & Mutations

You are very small and have problems with some larger weapons.
You are too small for most types of armour.
You have supernaturally acute eyesight. (SInv)
You cover ground extremely quickly. (Speed+++)


Message History

The ball python grabs your rat. The ball python constricts your rat.
The slug dart misses your quokka.
A slug dart appears from out of your range of vision.
Your quokka bites the ball python.
The ball python dies!
The ball python bites your rat.
Your rat dies!
Your rat's corpse disappears in a puff of smoke!
Unknown command.
Casting: Summon Small Mammal (safe; 4% risk of failure)
Confirm with . or Enter, or press ? or * to list all spells.
A slug dart appears from out of your range of vision.
The slug dart hits your quokka.
Your quokka dies!
Your quokka's corpse disappears in a puff of smoke!
Unknown command.
Casting: Summon Small Mammal (safe; 4% risk of failure)
Confirm with . or Enter, or press ? or * to list all spells.
You swap places.
Your bat hits the ball python.
The ball python closely misses your bat.
The ball python barely misses your bat.
Your bat closely misses the ball python.
Casting: Summon Small Mammal (safe; 4% risk of failure)
Confirm with . or Enter, or press ? or * to list all spells.
Your bat disappears in a puff of smoke!
The ball python closely misses your rat.
The ball python barely misses your rat.
Your rat bites the ball python.
The ball python dies!
You start resting.
A dart slug comes into view.
You are too injured to fight recklessly!
You are too injured to fight recklessly!
The dart slug completely misses you.
You hit the dart slug.
The dart slug is lightly wounded.
You hit the dart slug.
The dart slug is heavily wounded.
The dart slug launches a dart at you. The slug dart hits you.
You die...

.... .# .
.#.###.# .#
......##. .......
.....# ....#
..#####w#.#
.......@#.##
..######r.[#
##### #...##.....
#......#
#####....#.#
##..........#
.............#
###..........####
#####....#.....


You could see a dart slug (ally target) and a friendly rat (summoned).

Vanquished Creatures
  A quokka (D:1)
1 creature vanquished.

Vanquished Creatures (collateral kills)
  2 ball pythons (D:1)
  A goblin (D:1)
  A hobgoblin (D:1)
4 creatures vanquished.

Grand Total: 5 creatures vanquished

Notes
Turn   | Place    | Note
-------+----------+-------------------------------------------
     0 | D:1      | zeram the Spriggan Summoner began the quest for the Orb.
     0 | D:1      | Reached XP level 1. HP: 9/9 MP: 5/5
   326 | D:1      | Killed from afar by a dart slug

Illustrated notes

Levels and vault maps discovered:
D:1:      eino_arrival_water_cross, layout_loops_cross

Action                   || total
-------------------------++-------
Melee: Dagger            ||    14
       Unarmed           ||     8
 Cast: Summon Small Mamm ||     8
 Stab: Sleeping          ||     1
Armor: Robe              ||     2
Dodge: Dodged            ||    26
